 Dungeon Crawl Stone Soup version 0.27-a0-279-gdfb9265905 (webtiles) character file.

Game seed: 13247133492534464995

89 vurker the Skirmisher (level 4, 0/42 HPs)
             Began as a Palentonga Enchanter on Feb 7, 2021.
             Slain by a quokka (2 damage)
             ... on level 2 of the Dungeon.
             The game lasted 00:01:00 (238 turns).

vurker the Skirmisher (Palentonga Enchanter)         Turns: 238, Time: 00:01:01

Health: 0/42       AC:  4    Str: 13    XL:     4   Next: 31%
Magic:  7/7        EV:  9    Int: 15    God:
Gold:   15         SH:  5    Dex: 10    Spells: 6/7 levels left

rFire    . . .     SeeInvis +   a - +1 dagger
rCold    . . .     Faith    .   (no shield)
rNeg     . . .     Spirit   .   b - +0 robe
rPois    .         Reflect  +   (no helmet)
rElec    .         Harm     .   (no cloak)
rCorr    .         Rampage  .   (no gloves)
Will     .....                  (no barding)
Stlth    ++........             e - amulet of reflection
HPRegen  0.14/turn              (no ring)
MPRegen  0.10/turn              (no ring)

@: no status effects
A: large, rugged brown scales 3, see invisible, deformed body, roll 1, armoured
tail
a: Rolling Charge


You were on level 2 of the Dungeon.
You visited 1 branch of the dungeon, and saw 2 of its levels.

You collected 15 gold pieces.

Inventory:

Hand Weapons
 a - a +1 dagger (weapon)
Armour
 b - a +0 robe (worn)
Jewellery
 e - an amulet of reflection (around neck)
   (You found it on level 1 of the Dungeon)
Scrolls
 c - a scroll of remove curse {unknown}
 d - 3 scrolls of noise {unknown}
 f - 3 scrolls of random uselessness {unknown}


   Skills:
 + Level 4.0 Fighting
 - Level 1.0 Short Blades
 - Level 1.5 Dodging
 - Level 2.0 Stealth
 - Level 2.0 Spellcasting
 - Level 3.0 Hexes


You had 6 spell levels left.
You knew the following spells:

 Your Spells              Type           Power        Failure   Level
a - Corona                Hex            11%          6%          1

Your spell library contained the following spells:

 Spells                   Type           Power        Failure   Level
 Ensorcelled Hibernation  Hex/Ice        12%          19%         2
 Confusing Touch          Hex            10%          19%         3
 Tukima's Dance           Hex            10%          19%         3
 Dazzling Flash           Conj/Hex       12%          34%         3


Dungeon Overview and Level Annotations

Branches:
Dungeon (1/15)

Altars:


Innate Abilities, Weirdness & Mutations

You are completely covered in rugged brown scales. (AC +3, +7% HP)
You have supernaturally acute eyesight. (SInv)
Armour fits poorly on your strangely shaped body.
You can roll at nearby foes to attack.
You have a long armoured tail.


Message History

A kobold is nearby!
A kobold is nearby!
You catch the helpless kobold completely off-guard!
You hit the kobold.
You kill the kobold!
No target in view!
No target in view!
No target in view!
No target in view!
No target in view!
No target in view!
No target in view!
No target in view!
No target in view!
No target in view!
No target in view!
No target in view!
You fall into a shaft and drop 1 floor!
The shaft crumbles and collapses.
Found two stone staircases leading down.
Found 30 arrows.
An ogre comes into view. It is wielding a +0 giant spiked club.
An ogre is nearby!
The ogre shouts!
A quokka comes into view.
Okay, then.
You hit the ogre. The ogre closely misses you.
Okay, then.
You hit the ogre. You hit the ogre.
Your tail-slap misses the ogre.
The ogre closely misses you.
You hit the ogre.
The ogre hits you with a +0 giant spiked club!!
Ouch! That really hurt!
* * * LOW HITPOINT WARNING * * *
You hit the ogre. You tail-slap the ogre! You barely miss the ogre.
The ogre closely misses you.
Okay, then.
You completely miss the ogre. You tail-slap the ogre.
You kill the ogre!
Your Fighting skill gained 3 levels and is now at level 4!
You have reached level 3!
Your experience leads to an increase in your attributes!
Increase (S)trength, (I)ntelligence, or (D)exterity?
You feel stronger.
You have reached level 4!
You feel stronger.
You closely miss the quokka.
The quokka bites you but does no damage.
The quokka bites you.
You die...

#...# ###.# #.### .
#...####.(..
#.#.........
#...####.... ###r#
##.... ###
#.##...... #@#
#....#.... #r#
#####........
###.####.......#....
#..........###......
#.....>.#### #.....
#>......# .#.##
#....##### #...
#....# . ####.#


You could see a quokka.

Vanquished Creatures
  An ogre (D:2)
  A dart slug (D:1)
  A bat (D:1)
  A goblin (D:1)
  2 jackals (D:1)
  2 kobolds (D:1)
  A rat (D:1)
9 creatures vanquished.

Notes
Turn   | Place    | Note
-------+----------+-------------------------------------------
     0 | D:1      | vurker the Palentonga Enchanter began the quest for the
                  | Orb.
     0 | D:1      | Reached XP level 1. HP: 14/14 MP: 3/3
    49 | D:1      | Reached skill level 1 in Fighting
   115 | D:1      | Reached XP level 2. HP: 19/25 MP: 5/5
   189 | D:1      | You fall into a shaft and drop 1 floor!
   208 | D:2      | Noticed an ogre
   234 | D:2      | HP: 1/25 [ogre/+0 giant spiked club (24)]
   237 | D:2      | Killed an ogre
   238 | D:2      | Reached skill level 4 in Fighting
   238 | D:2      | Reached XP level 3. HP: 2/35 MP: 6/6
   238 | D:2      | Reached XP level 4. HP: 2/42 MP: 7/7
   238 | D:2      | Slain by a quokka

Illustrated notes

Levels and vault maps discovered:
D:1:      saegor_arrival_simple_c, layout_basic, minmay_cut_off
D:2:      layout_rooms, nicolae_gozag_cash_rules_everything_around_me,
          lemuel_coloured_pillars_altar, fedhas_altar_fruit_tree

Skill      XL: |  1  2 |
---------------+-------+-----
Fighting       | 1 4 |  4.0
Short Blades   | |  1.0
Dodging        | |  1.5
Stealth        | |  2.0
Spellcasting   | |  2.0
Hexes          | |  3.0

Action                   |  1- 3 |  4- 6 || total
-------------------------+-------+-------++-------
Melee: Dagger            |    20 |     1 ||    21
       Tailslap          |     3 |       ||     3
 Stab: Sleeping          |     1 |       ||     1
       Distracted        |     1 |       ||     1
Armor: Robe              |       |     1 ||     1
Dodge: Dodged            |     7 |       ||     7
Block: Other             |     2 |       ||     2

Table legend: (Time is in decaauts)
 A = Elapsed time spent in this place.
 B = Non-inter-level travel time spent in this place.
 C = Inter-level travel time spent in this place.
 D = Time resting spent in this place.
 E = Time spent auto-exploring this place.
 F = Levels seen in this place.
 G = Mean time per level.
                   A        B        C        D        E       F      G
               +--------+--------+--------+--------+--------+-----+--------+
         Total |    237 |    237 |      0 |      0 |    163 |   2 |  118.5 |
       Dungeon |    237 |    237 |      0 |      0 |    163 |   2 |  118.5 |
               +--------+--------+--------+--------+--------+-----+--------+

Top non-repeatable levels by time:
     D:1: 188 daAuts
     D:2: 48 daAuts
